Map: 로스트 앤 파운드 - 래더

Players

Geralt (Gerald)

  • Race: Protoss Protoss
  • League: Grandmaster
  • Spawn Location: 7:00

PartinG - Winner!

  • Race: Protoss Protoss
  • League: Master
  • Spawn Location: 1:00

Event: HomeStory Cup XVII

VOD

Have the link to the VOD?

Description

Time

  • Played on: June 29, 2018, 2:02 p.m.
  • Length: 5:27

All games in this series

Show
View Real Time Build Order
Export as new Build Order

Geralt Protoss 

Build Orders:  

Get SALT Encoding   

  12  0:00  Probe  
  13  0:12  Probe  
  14  0:17  Pylon  
  14  0:23  Probe  
  15  0:32  Probe  
  15  0:37  Gateway  
  15  0:40  Probe  
  16  0:47  Assimilator  
  17  0:52  Probe  
  17  0:56  Assimilator  
  19  1:04  Probe  
  19  1:16  Probe  
  20  1:24  Cybernetics Core  
  20  1:59  Nexus  
  20  2:06  Pylon  
  20  2:13  Assimilator  
  20  2:15  Probe  
  19  2:23  Probe  
  20  2:38  Stargate  
  20  2:42  Probe  
  20  3:21  Assimilator  
  20  3:25  Assimilator  
  20  3:31  Gateway  
  20  3:47  Probe  
  21  3:59  Probe  
  22  4:02  Pylon  
  22  4:14  Pylon  
  22  4:18  Oracle  
  25  4:45  Zealot  
Show
View Real Time Build Order
Export as new Build Order

PartinG Protoss - Winner!

Build Orders: Cannon Rush 

Get SALT Encoding   

  1  0:00  Probe  
  12  0:05  Probe  
  14  0:15  Probe  
  15  0:22  Pylon  
  15  0:40  Forge  
  15  0:53  Pylon  
  15  1:11  Pylon  
  15  1:12  Pylon  
  15  1:13  Photon Cannon  
  15  1:17  Photon Cannon  
  15  1:19  Pylon  
  15  1:26  Pylon  
  15  1:45  Photon Cannon  
  15  1:46  Photon Cannon  
  15  1:58  Probe  
  15  1:59  Photon Cannon  
  15  2:06  Probe  
  17  2:16  Gateway  
  17  2:21  Assimilator  
  17  2:25  Probe  
  18  2:33  Probe  
  18  2:41  Probe  
  19  2:49  Gateway  
  20  2:52  Probe  
  21  3:05  Probe, Cybernetics Core  
  22  3:10  Zealot  
  24  3:20  Probe  
  25  3:36  Pylon  
  25  3:38  Pylon  
  25  3:39  Pylon  
  25  3:42  Stalker x2  
  29  3:55  Shield Battery  
  29  4:09  Probe  
  30  4:12  Pylon  
  30  4:21  Stalker  
  30  4:22  Pylon  
  32  4:25  Stalker  
  34  4:32  Photon Cannon  
  33  5:00  Photon Cannon  
  33  5:02  Photon Cannon  
  35  5:07  Pylon  
  34  5:17  Assimilator  
Tags
 
Add a new tag
Caveats
  • Supply blocks, unpowered buildings, or Contaminate may cause inaccurate times.
  • Supply counts are checked every 10 seconds.